 Dungeon Crawl Stone Soup version 0.27-a0-1248-g57ac2eb73c (webtiles) character file.

Game seed: 8648272765552812856

6017 Froggeryz the Grappler (level 10, -2/51 HPs)
             Began as a Vine Stalker Berserker on June 10, 2021.
             Was a High Priest of Trog.
             Slain by a skeletal warrior
             ... wielding a +2 glaive of venom
             ... led by a skeletal warrior
              (18 damage)
             ... on level 10 of the Dungeon.
             The game lasted 00:07:26 (7702 turns).

Froggeryz the Grappler (Vine Stalker Berserker)     Turns: 7702, Time: 00:07:26

Health: -2/51      AC:  6    Str: 23    XL:     10   Next: 86%
Magic:  0/11       EV: 12    Int:  7    God:    Trog [*****.]
Gold:   684        SH:  5    Dex: 14    Spells: 9/9 levels left

rFire    . . .     SeeInvis .     - Unarmed
rCold    + . .     Faith    .   (no shield)
rNeg     + . .     Spirit   +   y - +1 leather armour {rN+}
rPois    .         Reflect  +   (no helmet)
rElec    .         Harm     .   m - scarf {repulsion}
rCorr    .         Rampage  +   (no gloves)
Will     +....                  o - +0 pair of boots {rampage}
Stlth    +.........             s - amulet of reflection
HPRegen  1.17/turn              a - ring of protection from cold
MPRegen  0.12/turn              (no ring)

@: repel missiles
A: fangs 3, regeneration 1, magic shield, antimagic bite, no potion heal 2
a: Renounce Religion, Berserk, Trog's Hand, Brothers in Arms


You were on level 10 of the Dungeon.
You worshipped Trog.
Trog was extremely pleased with you.
You visited 1 branch of the dungeon, and saw 10 of its levels.

You collected 684 gold pieces.

Inventory:

Missiles
 v - 4 boomerangs of dispersal
Armour
 m - a scarf of repulsion (worn)
 o - a +0 pair of boots of rampaging (worn)
 w - +0 storm dragon scales
 y - a +1 leather armour of positive energy (worn)
Jewellery
 a - a ring of protection from cold (left hand)
 s - an amulet of reflection (around neck)
 G - a +4 ring of evasion
Wands
 p - a wand of charming (7)
 A - a wand of iceblast (14)
 B - a wand of mindburst (18)
 D - a wand of polymorph (16)
 E - a wand of digging (7)
Scrolls
 b - a scroll of fear {unknown}
 d - 2 scrolls of magic mapping {unknown}
 e - 4 scrolls of noise
 g - a scroll of teleportation
 i - a scroll of torment {unknown}
 j - a scroll of immolation {unknown}
 n - a scroll of fog {unknown}
 q - a scroll of enchant weapon
 r - 4 scrolls of blinking
 u - 3 scrolls of identify
 C - 2 scrolls of amnesia {unknown}
Potions
 c - 3 potions of resistance {unknown}
 f - a potion of attraction {unknown}
 h - 2 potions of mutation {unknown}
 k - a potion of berserk rage {unknown}
 l - 2 potions of brilliance {unknown}
 t - 2 potions of lignification {unknown}
 x - 2 potions of curing {unknown}
 z - 2 potions of heal wounds {unknown}
 F - a potion of haste {unknown}
 H - a potion of cancellation {unknown}


   Skills:
 - Level 5.2 Fighting
 + Level 7.0 Armour
 - Level 3.0 Dodging
 * Level 12.5 Unarmed Combat


You had 9 spell levels left.
You didn't know any spells.
Your spell library was empty.

Dungeon Overview and Level Annotations

Branches:
Dungeon (10/15)            Temple (0/1) D:5
   Lair: D:8-11         Orc: D:9-12

Altars:
Ashenzari
Dithmenos
Fedhas
Kikubaaqudgha
Makhleb
Okawaru
Ru
Trog
Uskayaw
Zin

Annotations:
D:10 Erolcha, Fannar


Innate Abilities, Weirdness & Mutations

You have razor-sharp teeth.
Your natural rate of healing is unusually fast.
When hurt, damage is shared between your health and your magic reserves.
Your bite disrupts and absorbs the magic of your enemies.
Potions cannot restore your health.


Message History

HP restored.
Done exploring.
Done exploring.
Done exploring.
There is a stone staircase leading down here.
You climb downwards.
There is a stone staircase leading up here.
You now have 684 gold pieces (gained 15).
u - 3 scrolls of identify (gained 1)
H - a coppery potion 2 skeletal warriors come into view.
A skeletal warrior is wielding a +2 glaive of venom.
There are monsters nearby!
A skeletal warrior and Fannar come into view.
Fannar is wielding a staff of cold and wearing a +2 robe of cold resistance.
Fannar shouts!
A skeletal warrior comes into view. It is wielding a +1 halberd of venom.
The skeletal warrior moves out of view.
Found 12 gold pieces.
You rampage towards the skeletal warrior!
A skeletal warrior comes into view. It is wielding a +3 hand axe.
The skeletal warrior barely misses you.
Found a falchion.
You rampage towards the skeletal warrior!
You barely miss the skeletal warrior.
Erolcha the Cunning comes into view.
She is wielding a +6 giant club.
Erolcha shouts!
The skeletal warrior closely misses you.
You block the skeletal warrior's attack.
The skeletal warrior hits you from afar with a +0 trident!!
The skeletal warrior completely misses you.
Fannar glares icily.
The skeletal warrior hits you with a +3 hand axe!
* * * LOW HITPOINT WARNING * * *
Erolcha mumbles some strange words.
Erolcha flickers and vanishes!
Deactivating autopickup; reactivate with Ctrl-A.
Some snowflakes condense on Fannar.
The skeletal warrior hits you from afar with a +2 glaive of venom!!
You die...

####....#
+......{##
#)......#
#.......#
#.......# #
#...ze.##.# #+#
##..zzzz..# #.#
#####.####
###.###### #@#
.........### #.#
.#...###...# #.#
......##...#####.#
.#...#...........#
.............#####
.##.##.......#
.##.####...###
.<.........#


You could see Fannar and 4 skeletal warriors.

Vanquished Creatures
  A centaur warrior (D:9)
  A two-headed ogre (D:9)
  Maggie (D:9)
  A yaktaur (shapeshifter) (D:9)
  A hornet (D:9)
  A shadow (D:9)
  A water moccasin (D:7)
  2 orc warriors (D:9)
  2 ice beasts
  A sky beast (D:6)
  A hornet zombie (D:9)
  3 necrophages
  6 ogres
  A centaur (D:7)
  3 phantoms
  3 bullfrogs
  A gnoll sergeant (D:7)
  A scorpion (D:4)
  A wyvern skeleton (D:6)
  A water moccasin skeleton (D:6)
  9 wights
  A killer bee (D:9)
  5 howler monkeys
  3 centaur zombies
  3 jellies
  4 orc priests
  2 hounds
  A centaur skeleton (D:7)
  3 gnoll shamans
  A bullfrog skeleton (D:7)
  3 iguanas (D:5)
  6 orc wizards
  A killer bee zombie (D:6)
  2 hound skeletons
  A howler monkey zombie (D:7)
  14 gnolls
  10 adders
  3 white imps
  An ufetubus (D:3)
  An adder skeleton (D:4)
  2 worms (D:2)
  A dart slug (D:4)
  22 orcs
  8 ball pythons
  6 bats
  11 endoplasms
  2 giant cockroaches
  7 goblins
  2 hobgoblins (D:4)
  2 jackals (D:1)
  3 quokkas
  2 frilled lizards (D:2)
  9 kobolds
  A quokka skeleton (D:4)
  5 rats
190 creatures vanquished.

Vanquished Creatures (others)
  A wight (D:9)
1 creature vanquished.

Grand Total: 191 creatures vanquished

Notes
Turn   | Place    | Note
-------+----------+-------------------------------------------
     0 | D:1      | Froggeryz the Vine Stalker Berserker began the quest for
                  | the Orb.
     0 | D:1      | Reached XP level 1. HP: 11/11 MP: 2/2
   308 | D:1      | Reached XP level 2. HP: 16/16 MP: 3/3
   856 | D:1      | Found a faded altar of an unknown god.
   926 | D:2      | Noticed an ogre
   932 | D:2      | Killed an ogre
   933 | D:2      | Reached skill level 4 in Unarmed Combat
   933 | D:2      | Reached XP level 3. HP: 19/19 MP: 4/4
   933 | D:2      | Gained mutation: Your natural rate of healing is unusually
                  | fast. [Vine Stalker growth]
   933 | D:2      | Reached XP level 4. HP: 23/23 MP: 5/5
  1263 | D:2      | Reached XP level 5. HP: 26/27 MP: 4/6
  1633 | D:3      | Reached skill level 5 in Unarmed Combat
  1690 | D:3      | Reached ** piety under Trog
  1730 | D:3      | Found a bloodstained altar of Trog.
  2507 | D:4      | Reached XP level 6. HP: 17/32 MP: 5/7
  2821 | D:4      | Reached skill level 6 in Unarmed Combat
  2869 | D:4      | Reached XP level 7. HP: 36/36 MP: 8/8
  3412 | D:5      | Entered Level 5 of the Dungeon
  3513 | D:5      | Found a staircase to the Ecumenical Temple.
  3524 | D:5      | Reached skill level 7 in Unarmed Combat
  3531 | D:5      | Reached *** piety under Trog
  3553 | D:5      | Gained mutation: You have razor-sharp teeth. [Vine Stalker
                  | growth]
  3553 | D:5      | Reached XP level 8. HP: 42/42 MP: 9/9
  3662 | D:5      | Found a burning altar of Makhleb.
  4145 | D:6      | Found a shadowy altar of Dithmenos.
  4194 | D:6      | Reached skill level 8 in Unarmed Combat
  4558 | D:6      | Reached skill level 5 in Fighting
  4567 | D:6      | Reached XP level 9. HP: 47/47 MP: 10/10
  4666 | D:6      | Reached skill level 9 in Unarmed Combat
  4844 | D:7      | Reached **** piety under Trog
  4919 | D:7      | Identified a scroll of acquirement
  4922 | D:7      | Acquired a +0 pair of boots of rampaging
  5178 | D:7      | Found a blossoming altar of Fedhas.
  5510 | D:7      | Reached skill level 5 in Armour
  5638 | D:7      | Reached skill level 10 in Unarmed Combat
  5875 | D:8      | Found a broken altar of Ashenzari.
  5972 | D:8      | Found a hide-covered altar of Uskayaw.
  5980 | D:8      | Found a sacrificial altar of Ru.
  5982 | D:8      | Found an iron altar of Okawaru.
  5985 | D:8      | Found an ancient bone altar of Kikubaaqudgha.
  6609 | D:9      | Noticed a two-headed ogre
  6617 | D:9      | Killed a two-headed ogre
  6618 | D:9      | Reached skill level 11 in Unarmed Combat
  6618 | D:9      | Reached XP level 10. HP: 51/51 MP: 8/11
  6793 | D:9      | Noticed Maggie
  6800 | D:9      | Killed Maggie
  7180 | D:9      | Found a glowing silver altar of Zin.
  7257 | D:9      | Noticed a moth of wrath
  7258 | D:9      | a moth of wrath changed into a yaktaur
  7263 | D:9      | Reached skill level 12 in Unarmed Combat
  7358 | D:9      | Noticed a centaur warrior
  7366 | D:9      | Killed a centaur warrior
  7452 | D:9      | Reached ***** piety under Trog
  7662 | D:10     | Entered Level 10 of the Dungeon
  7696 | D:10     | Noticed a skeletal warrior
  7696 | D:10     | Noticed a skeletal warrior
  7697 | D:10     | Noticed Fannar
  7697 | D:10     | Noticed a skeletal warrior
  7697 | D:10     | Noticed a skeletal warrior
  7698 | D:10     | Noticed a skeletal warrior
  7699 | D:10     | Noticed Erolcha
  7702 | D:10     | Slain by a skeletal warrior

Illustrated notes

Levels and vault maps discovered:
D:1:      ebering_hopf_link, layout_loops_ring, chequers_ecumenical_altar_twisty
D:2:      layout_loops_cross
D:3:      layout_loops_ring, lemuel_crystal_altar, chequers_decorated_corner,
          kennysheep_generic_room_6
D:4:      minmay_thinvault, layout_cave_pools, chequers_serial_rivers_large_b
D:5:      layout_gridville, lemuel_tele_altar, minmay_temple_entry_butterflies,
          fountainhead, minivault_1
D:6:      layout_loops_ring, kennysheep_mini_moat
D:7:      layout_basic, fedhas_altar_1, minmay_misc_feat_tower,
          grunt_ministairs_11
D:8:      layout_basic, cheibrodos_ashenzari_chains, minitemple,
          kennysheep_generic_room_13
D:9:      kennysheep_blocky_room, layout_basic, zin_academy, uniq_maggie
D:10:     layout_loops_corners, lemuel_doored_altar,
          yredelemnul_forgotten_temple_becter, guppyfry_shop_venom, uniq_fannar,
          uniq_erolcha

Skill      XL: |  1  2  3  4  5  6  7  8  9 10 |
---------------+-------------------------------+-----
Dodging        | 2 3 |  3.0
Unarmed Combat | 4 5 6 7 8 11 12 | 12.5
Fighting       | 3 4 5 |  5.2
Armour         | 2 3 4 6 7 |  7.0

Action                   |  1- 3 |  4- 6 |  7- 9 | 10-12 || total
-------------------------+-------+-------+-------+-------++-------
Melee: Unarmed           |    47 |   135 |   317 |    75 ||   574
       Bite              |     9 |    39 |   113 |    25 ||   186
       Punch             |     1 |     1 |    15 |     7 ||    24
Invok: Berserk           |     1 |     5 |     5 |     2 ||    13
  Use: Scroll            |       |       |     7 |       ||     7
 Stab: Sleeping          |     4 |     3 |       |       ||     7
Armor: Animal skin       |     6 |    18 |       |       ||    24
       Leather armour    |       |     3 |    33 |    13 ||    49
Dodge: Dodged            |    26 |    72 |   139 |    36 ||   273
       Repelled          |       |     1 |     1 |       ||     2
Block: Other             |       |       |    48 |    11 ||    59
       Reflection        |       |       |     1 |     1 ||     2

Table legend: (Time is in decaauts)
 A = Elapsed time spent in this place.
 B = Non-inter-level travel time spent in this place.
 C = Inter-level travel time spent in this place.
 D = Time resting spent in this place.
 E = Time spent auto-exploring this place.
 F = Levels seen in this place.
 G = Mean time per level.
                   A        B        C        D        E       F      G
               +--------+--------+--------+--------+--------+-----+--------+
         Total |   7752 |   7458 |    294 |    276 |   6093 |  10 |  775.2 |
       Dungeon |   7752 |   7458 |    294 |    276 |   6093 |  10 |  775.2 |
               +--------+--------+--------+--------+--------+-----+--------+

Top non-repeatable levels by time:
     D:4: 1099 daAuts
     D:9: 1039 daAuts
     D:7: 1031 daAuts
     D:1: 894 daAuts
     D:6: 798 daAuts
     D:3: 766 daAuts
     D:8: 742 daAuts
     D:2: 713 daAuts
     D:5: 627 daAuts
    D:10: 39 daAuts
